Unix NetHack Version 3.7.0-101 Work-in-progress - last build Mar 25 2024 22:18:23 (462964f8eaac915e699fc3a71b43428251fec12b,branch:master). Game began 2024-03-26 17:35:03, ended 2024-03-27 15:33:40. misanthrope, chaotic female human Valkyrie ----------- -------- |.........-- |..--..| ----- ---- --- ------...--.---.-- --- |......--|...--- --..--|.|---|................|--------------|.--------....||.....| |.....|.|...|................|[!.|..|...|...|..||........--|-....| |.......|...-..--|--.........|%[%|.`|...|...|..||...------ |..|.-- ------.......|...|..|......-----..|[..|.(|-|---|--..||.|..| ---.---- --............----...|...|--|((.|..--|---|-.."......---.|..| |...| |..-------...........|...|..|((@-.(.).).......-----.-|..|..| |.--- |....| ----........|---|..|((=|.....'--.-...|...|..|.-|..-- |.| ----.|-.. ------...|(((||------....&@|..|...-...|....||...| |.| --- |.|..|# --|..-...|(.!|.).........x.|..|...|...|....-|...| |.| --.--- |.....## |.|..|...|...|-|-...).---|---------.---.-...|..-- |.-- |....---......--..----...--|-|..|..-|-|..................|..|..| --..| --....|.........|...|....^...|..|.....|----....--.-----..|----.|---...-- --.............|............----..|..|%%.-...........|..| |.|-......--- --.................-..)).))......|..|%(.|....-...._.|-.| --.|...>.....-- |...<................|..........--------....|......|..| |.............| --.---.--..........(.|-.....................|---------- |..----...|...| --- ------.....-..---------------.---------- |..| |..---.-- -...--# --- ---- ---- --- Misanthrope the Woman-at-arms St:18/03 Dx:13 Co:18 In:8 Wi:9 Ch:8 Chaotic Dlvl:7 $:13 HP:10(116) Pw:21(21) AC:1 Xp:11/11665 T:21371 Burdened Fly Latest messages: You sold a blessed +1 pair of iron shoes for 13 gold pieces. What do you want to take off? [uyGU or ?*] You finish taking off your helm. What do you want to wear? [UY or ?*] You finish your dressing maneuver. Your mind oscillates briefly. An erinys suddenly appears next to you! You are blasted by the long sword named Excalibur's power! The visored helmet glows black for a moment. You miss the erinys. You miss the erinys. You feel more confident in your fighting skills. You hit the erinys! You miss the erinys. The erinys hits! The erinys hits again! The erinys' attack was poisoned! The poison doesn't seem to affect you. The erinys casts a spell! A monster appears from nowhere! You hit the erinys! You miss the erinys. You feel less confused now. You miss the erinys. You hit the erinys! The erinys hits! The erinys hits again! The erinys casts a spell! A monster appears from nowhere! You hit the erinys! You miss the erinys. The xan pricks through your right boot! The iron golem hits! The erinys hits! The erinys hits again! The erinys points all around, then curses. You miss the erinys. You hit the erinys! The xan scratches your left boot! The xan pricks through your right boot! The erinys hits! The erinys hits again! The erinys casts a spell at you! You feel as if you need some help. The xan scratches your left boot! # Really quit? [yn] (n) Do you want your possessions identified? [ynq] (y) Do you want to see your attributes? [ynq] (y) Do you want an account of creatures vanquished? [ynaq] (y) Inventory: Coins ('$') $ - 13 gold pieces Amulets ('"') A - an uncursed amulet of flying (being worn) Weapons (')') a - the blessed rustproof +1 Excalibur (wielded in right hand) X - an uncursed rustproof +1 long sword named +1 d - an uncursed +0 long sword (wielded in left hand) Armor ('[') U - a blessed +1 dwarvish iron helm Y - a cursed -1 helm of opposite alignment (being worn) G - an uncursed +0 pair of leather gloves (being worn) u - an uncursed +0 pair of speed boots (being worn) y - an uncursed +0 elven cloak (being worn) S - a blessed +0 dwarvish mithril-coat (being worn) Comestibles ('%') b - an uncursed cram ration Z - 2 uncursed food rations J - an uncursed lizard corpse Scrolls ('?') L - an uncursed scroll of create monster c - an uncursed scroll of earth O - an uncursed scroll of enchant weapon e - an uncursed scroll of teleportation h - an uncursed scroll of teleportation Potions ('!') l - a cursed potion of blindness D - an uncursed potion of full healing f - an uncursed potion of gain energy g - an uncursed potion of healing i - an uncursed potion of object detection o - an uncursed potion of see invisible Rings ('=') j - an uncursed -1 ring of increase damage t - an uncursed ring of polymorph control M - an uncursed ring of regeneration x - an uncursed ring of searching Wands ('/') E - an uncursed wand of cancellation (0:3) C - an uncursed wand of create monster (0:13) N - an uncursed wand of digging (0:7) p - an uncursed wand of digging (0:3) Q - an uncursed wand of fire (0:4) m - an uncursed wand of fire (0:1) T - an uncursed wand of light (0:11) B - an uncursed wand of locking (0:5) P - an uncursed wand of secret door detection (0:13) r - a cursed wand of striking (0:4) F - an uncursed wand of teleportation (0:3) Tools ('(') w - a blessed bag of holding containing 107 items v - an uncursed blindfold named Col Stl Spd Tpy Poi Fir Slp P05 k - an uncursed skeleton key s - an uncursed stethoscope n - a blessed +0 unicorn horn Gems/Stones ('*') R - a blessed luckstone z - a blessed touchstone Contents of the bag of holding: 727 gold pieces an uncursed +0 aklys an uncursed +0 silver saber an uncursed burnt +3 small shield an uncursed +0 mummy wrapping 2 uncursed food rations 9 uncursed lumps of royal jelly an uncursed sprig of wolfsbane a blessed scroll of food detection an uncursed scroll of amnesia an uncursed scroll of destroy armor 2 uncursed scrolls of magic mapping a blessed scroll of genocide a blessed scroll of charging an uncursed scroll of charging an uncursed scroll of fire an uncursed scroll of gold detection 2 blessed scrolls of confuse monster 2 uncursed scrolls of confuse monster 3 uncursed scrolls of light 3 uncursed scrolls of scare monster 5 uncursed scrolls of blank paper 3 uncursed scrolls of earth 3 uncursed scrolls of enchant armor an uncursed scroll of enchant weapon a blessed scroll of identify 3 uncursed scrolls of identify 2 uncursed scrolls of remove curse 3 uncursed scrolls of teleportation an uncursed spellbook of teleport away an uncursed potion of acid an uncursed potion of restore ability a blessed potion of levitation 2 uncursed potions of levitation an uncursed potion of monster detection an uncursed potion of polymorph a blessed potion of booze an uncursed potion of oil 10 potions of holy water a potion of unholy water an uncursed potion of blindness an uncursed potion of confusion 2 uncursed potions of enlightenment an uncursed potion of extra healing an uncursed potion of full healing 2 uncursed potions of gain ability an uncursed diluted potion of gain ability a blessed potion of gain energy an uncursed potion of gain energy 3 uncursed potions of healing a blessed potion of object detection 2 uncursed potions of object detection a blessed potion of paralysis 2 uncursed potions of sickness a blessed potion of speed 2 uncursed potions of speed a blessed +1 ring of gain constitution an uncursed ring of free action an uncursed ring of poison resistance an uncursed ring of protection from shape changers an uncursed ring of shock resistance an uncursed ring of warning an uncursed ring of conflict an uncursed ring of searching an uncursed wand of nothing (0:5) an uncursed wand of polymorph (0:5) an uncursed wand of slow monster (0:3) an uncursed wand of digging (0:5) an uncursed wand of light (0:12) an uncursed wand of lightning (0:5) an uncursed wand of magic missile (0:5) an uncursed wand of magic missile (0:7) an uncursed wand of magic missile (0:5) an uncursed wand of make invisible (0:5) an uncursed wand of make invisible (0:7) an uncursed wand of secret door detection (0:12) an uncursed wand of sleep (0:7) an uncursed wand of sleep (0:6) an uncursed wand of striking (0:7) an uncursed wand of striking (0:4) an uncursed wand of striking (0:1) an uncursed wand of striking (0:3) an uncursed lock pick an uncursed +0 pick-axe an uncursed skeleton key an uncursed +0 unicorn horn 3 uncursed worthless pieces of black glass an uncursed jet stone 2 uncursed aquamarine stones 2 uncursed sapphires 7 uncursed worthless pieces of blue glass 4 uncursed emeralds 3 uncursed worthless pieces of green glass 6 uncursed worthless pieces of orange glass an uncursed agate stone 2 uncursed rubies 4 uncursed worthless pieces of red glass 2 uncursed amethyst stones an uncursed fluorite stone 3 uncursed worthless pieces of violet glass 3 uncursed diamonds 2 uncursed opals 4 uncursed worthless pieces of white glass 3 uncursed worthless pieces of yellow glass 3 uncursed amber stones 7 uncursed worthless pieces of yellowish brown glass an uncursed luckstone Misanthrope the Valkyrie's attributes: Background: You were a Woman-at-arms, a level 11 human Valkyrie. You were chaotic, temporarily on a mission for Loki who was opposed by Tyr (lawful) and Odin (neutral). You were actually lawful. You were right-handed. You were in the Gnomish Mines, on level 7. You entered the dungeon 21371 turns ago. You had 11665 experience points, 8335 more were needed to attain level 12. Basics: You had 10 out of 116 hit points. You had all 21 energy points (spell power). Your armor class was 1. Your wallet contained 13 zorkmids, and you had 727 more stashed away in your pack. Autopickup was off. Final Characteristics: Your strength was 18/03 (limit:18/100). Your dexterity was 13 (base:14, limit:18). Your constitution was 18 (limit:18). Your intelligence was 8 (limit:18). Your wisdom was 9 (limit:18). Your charisma was 8 (limit:18). Final Status: You were flying. You had a wounded right leg. You weren't hungry. You were burdened; movement was slightly slowed. You were wielding two weapons at once. Your skill in long sword was limited by being basic with two weapons. You could have enhanced skill with two weapons. Final Attributes: You were nominally aligned. You were fire resistant. You were cold resistant. You were sleep resistant. You were poison resistant. You were level-drain resistant. You were telepathic. You had automatic searching. You were stealthy. You were guarded. You were very fast. You were unlucky. You had extra luck. Good luck did not time out for you. You survived. Miscellaneous: You encountered 1 bones level. Total elapsed playing time was 8 hours, 5 minutes and 4 seconds. Major events: Turn 1: misanthrope the lawful human Valkyrie entered the dungeon 1348: attained the rank of Skirmisher (level 3) 1490: entered the Gnomish Mines 3364: attained the rank of Fighter (level 6) 4834: reached Mine Town 6659: entered Sokoban 6985: completed 1st Sokoban level 7492: completed 2nd Sokoban level 7881: completed 3rd Sokoban level 8720: completed 4th Sokoban level 9069: acquired the Sokoban bag of holding 11470: endured an absurd aquatic ceremony, and now wields Excalibur 12286: attained the rank of Woman-at-arms (level 10) 15114: acquired the Mines' End luckstone 19252: destroyed samiam's ghost, the former Bachelor 21371: quit Vanquished creatures: 2 watch captains a ghost 3 queen bees 2 giant mimics an elven monarch a stalker a water elemental a giant mummy a winter wolf a small mimic a warhorse a xan an ogre leader 5 trolls a wood golem 2 gelatinous cubes a pyrolisk a large dog a freezing sphere 2 shocking spheres a dwarf ruler an energy vortex 2 human mummies a red naga an ettin zombie a Grey-elf 3 watchmen a chameleon a crocodile 3 giant beetles 3 quivering blobs a cockatrice 4 panthers 2 spotted jellies 5 leprechauns 2 iron piercers a mumak 5 giant spiders 2 scorpions an ice vortex a vampire bat a forest centaur 2 gnome rulers 2 orc mummies 3 ogres 2 rust monsters 5 owlbears 4 yetis a gold golem 3 Green-elves 4 lizards 5 chickatrices a dingo 2 dogs a housecat 4 jaguars 2 blue jellies a black unicorn 4 dust vortices 2 ravens a plains centaur 3 snakes 5 water moccasins 4 apes 7 Woodland-elves a soldier ant 7 fire ants a bugbear 3 quasits a wood nymph 2 water nymphs 2 mountain nymphs 4 Mordor orcs 3 Uruk-hai an orc shaman a rock piercer 3 rock moles a fog cloud 5 yellow lights a shrieker a violet fungus 21 gnome leaders 4 gnomish wizards a kobold mummy a black naga hatchling 3 gray oozes a paper golem 11 giant ants 5 floating eyes 3 kittens 12 dwarves 2 homunculi a kobold leader 2 kobold shamans a hill orc 6 rothes a centipede 2 giant bats a monkey 3 orc zombies 7 dwarf zombies 2 werejackals 6 iguanas 34 killer bees 4 acid blobs 3 coyotes a gas spore 3 hobbits 2 large kobolds 6 giant rats a cave spider 2 brown molds a yellow mold a green mold a red mold 75 gnomes 12 garter snakes 7 geckos 16 jackals 2 foxes 3 kobolds 5 goblins 2 sewer rats 11 grid bugs 3 bats 8 lichens 3 kobold zombies 11 newts 491 creatures vanquished. No species were genocided or became extinct. Voluntary challenges: You read items or engraved 33 times. You engraved Elbereth 9 times. You never genocided any monsters. You never polymorphed an object. You never changed form. You used no wishes. You did not violate any of the special Sokoban rules. Achievements: You attained the rank of Skirmisher. You entered the Gnomish Mines. You attained the rank of Fighter. You entered Minetown. You entered a shop. You entered a temple. You entered Sokoban. You completed Sokoban. You attained the rank of Woman-at-arms. You completed the Gnomish Mines. The Dungeons of Doom: levels 1 to 12 Level 1: Level 2: Level 3: Stairs down to The Gnomish Mines. Level 4: Level 5: Level 6: Many fountains. Oracle of Delphi. Level 7: "vault" A grave. Stairs up to Sokoban, level 6. Level 8: "vault" Level 9: A potion shop. Level 10: "vault_done" A scroll shop. Level 11: "vault" Final resting place for samiam-Kni-Hum-Mal-Law, killed by a queen bee. Level 12: The Gnomish Mines: levels 4 to 12 Level 4: Level 5: Level 6: Level 7: <- You were here. A general store, a temple and an altar to Loki. Level 8: Level 9: Level 10: Level 11: Level 12: A fountain. Sokoban: levels 6 up to 3 Level 3: Solved. Level 4: Solved. Level 5: Solved. Level 6: Solved. Farvel misanthrope the Valkyrie... You quit in The Gnomish Mines on dungeon level 7 with 48040 points, and 740 pieces of gold, after 21371 moves. You were level 11 with a maximum of 116 hit points when you quit.